[Event "Team 45 45 League T57"]
[Site "Internet Chess Club"]
[Date "2013.05.31"]
[Round "2"]
[White "leland"]
[Black "BigH"]
[Result "0-1"]
[WhiteElo "1910"]
[BlackElo "2065"]
[Opening "Sicilian: O'Kelly variation"]
[ECO "B28"]
[Time "14:17:36"]
[TimeControl "2700+45"]

1. e4 c5 2. Nf3 a6 3. d4 cxd4 4. Nxd4 b6 5. Nc3 Bb7 6. Be3 d6 7. Bd3 e6 8. O-O
Nd7 9. f4 Ngf6 10. Qe2 Be7 11. h3 O-O 12. Nf3 Qc7 13. Qf2 Rac8 14. Rae1 Rfd8 15.
e5 Nd5 16. Nxd5 Bxd5 17. Bd4 Nc5 18. Qg3 g6 19. Ng5 Nxd3 20. cxd3 h6 21. Ne4
Bxe4 22. Rxe4 d5 23. Re2 Bc5 24. Qe3 Bxd4 25. Qxd4 Qc5 26. Qxc5 Rxc5 27. g4 Rdc8
28. Rff2 Rc1+ 29. Kg2 Ra1 30. a3 Rcc1 31. Kg3 Rh1 32. Kh4 Rad1 33. Rf3 Rc1 34.
Rg2 Kg7 35. f5 exf5 36. gxf5 g5+ 37. Kh5 Rce1 38. Rc2 Rc1 39. Re2 Rhe1 40. Ree3
d4 41. f6+ Kh7 42. Re4 Rxe4 43. dxe4 Re1 44. Kg4 Kg6 45. Rd3 Rxe4+ 46. Kf3 Kf5
{White resigns} 0-1

[Event "Team 45 45 League T57"]
[Site "Internet Chess Club"]
[Date "2013.06.08"]
[Round "2"]
[White "zap2"]
[Black "joebobpop"]
[Result "1/2-1/2"]
[WhiteElo "1781"]
[BlackElo "1717"]
[Opening "Réti: King's Indian attack"]
[ECO "A05"]
[Time "12:35:39"]
[TimeControl "2700+45"]

1. Nf3 Nf6 2. g3 g6 3. Bg2 Bg7 4. d3 O-O 5. Nbd2 Nc6 6. O-O d5 7. Re1 Bd7 8. e4
dxe4 9. dxe4 e5 10. c3 Qc8 11. Qe2 Bh3 12. Bh1 Qd7 13. Nc4 Bg4 14. Ncxe5 Nxe5
15. Nxe5 Bxe2 16. Nxd7 Nxd7 17. Rxe2 Rfe8 18. f4 f6 19. Be3 Nb6 20. Rd1 Nc4 21.
Bc1 Rad8 22. Rxd8 Rxd8 23. b3 Rd1+ 24. Kg2 Rxc1 25. bxc4 Rxc3 26. Kf2 Rxc4 27.
e5 c6 28. e6 Kf8 29. Rd2 Ke7 30. Rd7+ Kxe6 31. Rxg7 Rc2+ 32. Kg1 Rxa2 33. Rxb7
c5 34. Rc7 Ra5 35. Rxh7 Ra1+ 36. Kg2 a5 37. h4 a4 38. Kh2 Kd6 39. Ra7 c4 40. Ra5
c3 41. Rd5+ Ke6 42. Rc5 Rc1 43. Be4 a3 44. Ra5 c2 45. Ra6+ Kf7 46. Bxc2 Rxc2+
47. Kh3 a2 48. g4 Ke7 49. h5 gxh5 50. gxh5 Kf7 51. Kg4 Kg7 52. Kf5 Rc5+ 53. Kg4
Rc2 {Game drawn by mutual agreement} 1/2-1/2

[Event "Team 45 45 League T57"]
[Site "Internet Chess Club"]
[Date "2013.06.01"]
[Round "2"]
[White "LiangLiang"]
[Black "gandre"]
[Result "1-0"]
[WhiteElo "1739"]
[BlackElo "1823"]
[Opening "Caro-Kann: Steinitz variation"]
[ECO "B17"]
[Time "18:30:06"]
[TimeControl "2700+45"]

1. e4 c6 2. d4 d5 3. Nc3 dxe4 4. Nxe4 Nd7 5. Nf3 Ngf6 6. Ng3 e6 7. Bd3 Be7 8. c3
c5 9. O-O O-O 10. Be3 b6 11. Nd2 Bb7 12. Nde4 cxd4 13. Bxd4 Qc7 14. f3 Nd5 15.
Qd2 N7f6 16. f4 Rfd8 17. Be5 Nxe4 18. Nxe4 Qd7 19. Qe2 Nxf4 20. Rxf4 Qxd3 21.
Qg4 Bf8 22. Rxf7 Kxf7 23. Ng5+ Ke8 24. Qxe6+ Be7 25. Rf1 Qe3+ 26. Kh1 Qxg5 27.
Qf7+ Kd7 28. Rd1+ Kc8 29. Qe6+ Rd7 30. Qxd7# {Black checkmated} 1-0

[Event "Team 45 45 League T57"]
[Site "Internet Chess Club"]
[Date "2013.06.01"]
[Round "2"]
[White "montgomerydvd"]
[Black "DouDou"]
[Result "1-0"]
[WhiteElo "1492"]
[BlackElo "1761"]
[Opening "Four knights: Italian variation"]
[ECO "C47"]
[Time "18:30:09"]
[TimeControl "2700+45"]

1. e4 e5 2. Nf3 Nc6 3. Nc3 Nf6 4. Bc4 Be7 5. O-O O-O 6. d4 d6 7. Be3 Bg4 8. Be2
Qd7 9. a3 Rfe8 10. dxe5 dxe5 11. Qxd7 Nxd7 12. Nd5 Bc5 13. Bxc5 Nxc5 14. Nxc7
Nxe4 15. Nxa8 Rxa8 16. Rfe1 Nf6 17. h3 Bf5 18. c3 e4 19. Nd4 Nxd4 20. cxd4 Rd8
21. Rad1 b6 22. Bc4 Rd6 23. b3 Kf8 24. a4 h6 25. Rd2 g5 26. Kh2 h5 27. f3 h4 28.
Re3 Kg7 29. d5 a5 30. Rd4 exf3 31. gxf3 Ng8 32. Re5 Kf6 33. Re2 Ne7 34. Red2 Ng6
35. Bd3 Bxd3 36. R2xd3 Nf4 37. Rd2 Ke5 38. Re4+ Kf6 39. Red4 Ke5 40. b4 Nxd5 41.
Re4+ Kf6 42. bxa5 bxa5 43. Rdd4 {Black resigns} 1-0

[Event "Team 45 45 League T57"]
[Site "Internet Chess Club"]
[Date "2013.06.03"]
[Round "2"]
[White "cys456"]
[Black "carokantor"]
[Result "1-0"]
[WhiteElo "1914"]
[BlackElo "1983"]
[Opening "Sicilian: closed, Korchnoi variation"]
[ECO "B23"]
[Time "20:00:41"]
[TimeControl "2700+45"]

1. e4 c5 2. Nc3 e6 3. g3 d5 4. exd5 exd5 5. Bg2 Nf6 6. Nge2 d4 7. Ne4 Be7 8. O-O
O-O 9. d3 Nc6 10. Nf4 Nxe4 11. Bxe4 Bd6 12. c3 Bd7 13. Qh5 h6 14. Qd5 Bxf4 15.
Bxf4 Bh3 16. Rfd1 Qxd5 17. Bxd5 Rad8 18. Bxc6 bxc6 19. cxd4 cxd4 20. Rac1 Rc8
21. Bd6 Rfd8 22. Bc5 a6 23. f3 h5 24. b4 Re8 25. Rd2 Rcd8 26. Kf2 Rd5 27. Bb6
Bd7 28. Rc5 Rb8 29. Rxd5 cxd5 30. Bc5 Ba4 31. a3 Rb5 32. Re2 f6 33. Re8+ Kh7 34.
Ra8 Rb7 35. Rxa6 Bb5 36. Ra8 Bxd3 37. a4 Bc4 38. b5 Bxb5 39. axb5 Rxb5 40. Bxd4
Rb4 41. Ke3 Rb3+ 42. Ke2 Rb4 43. Kd3 Kg6 44. Ra5 Rb1 45. h4 Rd1+ 46. Ke3 Re1+
47. Kf4 Kf7 48. Kf5 g6+ 49. Kf4 Rd1 50. Ra7+ Ke6 51. Ra6+ Ke7 52. Bxf6+ Kf7 53.
Rd6 d4 54. Rxd4 Re1 55. Kg5 Rg1 56. Be5 Rf1 57. Rf4+ Ke6 58. Bd4 Rh1 59. Kxg6
Rh3 60. g4 hxg4 61. Rxg4 Rxf3 62. h5 Rf8 63. h6 Rg8+ 64. Bg7 {Black resigns} 1-0

[Event "Team 45 45 League T57"]
[Site "Internet Chess Club"]
[Date "2013.06.01"]
[Round "2"]
[White "Budzo"]
[Black "infiniteshug"]
[Result "0-1"]
[WhiteElo "1807"]
[BlackElo "1820"]
[Opening "King's Indian: Four pawns attack, with Be2 and Nf3"]
[ECO "E78"]
[Time "10:00:12"]
[TimeControl "2700+45"]

1. d4 Nf6 2. c4 g6 3. Nc3 Bg7 4. e4 d6 5. Be2 O-O 6. f4 c5 7. Nf3 cxd4 8. Nxd4
Nbd7 9. Be3 Nc5 10. Bf3 e5 11. Ndb5 exf4 12. Bxf4 Be6 13. Bxd6 Nfxe4 14. Nxe4
Nxe4 15. O-O Qb6+ 16. Kh1 Rfd8 17. Bxe4 Bxc4 18. Bd3 Qxb5 19. Bxc4 Qxc4 20. Rc1
Qe6 {White resigns} 0-1

[Event "Team 45 45 League T57"]
[Site "Internet Chess Club"]
[Date "2013.06.01"]
[Round "2"]
[White "Gorongonde"]
[Black "John3v16"]
[Result "0-1"]
[WhiteElo "1676"]
[BlackElo "1745"]
[Opening "Sicilian: Pin, Koch variation"]
[ECO "B41"]
[Time "08:01:08"]
[TimeControl "2700+45"]

1. e4 c5 2. Nf3 e6 3. d4 cxd4 4. Nxd4 Nf6 5. Nc3 Bb4 6. e5 Bxc3+ 7. bxc3 Nd5 8.
c4 Ne7 9. Nb5 O-O 10. Qd6 Nbc6 11. g4 Ng6 12. Ba3 Ncxe5 13. O-O-O Qa5 14. Nc7
Rb8 15. f4 Nxg4 16. Rg1 Nf6 17. Rxg6 hxg6 18. Qxf8+ Kh7 19. Bb2 Qxc7 20. Bxf6
Qxf4+ 21. Kb1 Qxf6 22. Bd3 Qe5 23. Rf1 f5 24. h4 Qf6 25. Qd6 Ra8 26. Qg3 b6 27.
Be4 Ba6 28. Bxa8 Bxc4 29. Qd6 Bxf1 {White resigns} 0-1

[Event "Team 45 45 League T57"]
[Site "Internet Chess Club"]
[Date "2013.05.31"]
[Round "2"]
[White "Tobiasdelmonte"]
[Black "Constrictor"]
[Result "0-1"]
[WhiteElo "1876"]
[BlackElo "1722"]
[Opening "Caro-Kann defense"]
[ECO "B10"]
[Time "21:14:05"]
[TimeControl "2700+45"]

1. e4 c6 2. b3 d5 3. exd5 cxd5 4. Nf3 Nc6 5. d4 Bf5 6. Be2 e6 7. O-O Nf6 8. c4
Be7 9. Nbd2 Nb4 10. Nh4 Bc2 11. Qe1 Be4 12. cxd5 Bxd5 13. Bb5+ Nd7 14. Nhf3 Nc2
15. Qd1 Nxa1 16. Bb2 Nxb3 17. axb3 a6 18. Bd3 Nf6 19. Ne5 O-O 20. h3 Rc8 21. f4
Bb4 22. Ndf3 Be4 23. Bc4 b5 24. Be2 Bc2 25. Qa1 Bxb3 26. Qxa6 Qa5 27. Qxa5 Bxa5
28. Bxb5 Rc2 29. Ba3 Rfc8 30. Ng5 Bd5 31. Ngf3 Ra2 32. Bc5 Ne4 33. Ba6 Rb8 34.
Rc1 Rbb2 35. Bf1 Ng3 36. Bb4 Bxb4 37. Rc8+ Bf8 38. Nd7 g6 39. Nf6+ Kg7 40. Ne8+
Kh6 41. Nf6 Bxf3 42. gxf3 Rb1 43. Ng4+ Kh5 44. Ne3 Nxf1 45. Nxf1 Raa1 46. Rxf8
Rxf1+ 47. Kg2 Kh4 48. Rxf7 h5 49. Rf6 Rfd1 50. Kf2 Rxd4 51. Rxe6 Rxf4 52. Ke3
Re1+ {White resigns} 0-1

[Event "Team 45 45 League T57"]
[Site "Internet Chess Club"]
[Date "2013.06.04"]
[Round "2"]
[White "Frankly"]
[Black "JustinL"]
[Result "0-1"]
[WhiteElo "1840"]
[BlackElo "1975"]
[Opening "King's Indian: 6.Be2"]
[ECO "E91"]
[Time "15:30:27"]
[TimeControl "2700+45"]

1. d4 d6 2. c4 Nf6 3. Nc3 g6 4. e4 Bg7 5. Nf3 O-O 6. Be2 Nc6 7. d5 Ne5 8. Nxe5
dxe5 9. O-O e6 10. Bg5 h6 11. Bh4 exd5 12. cxd5 a6 13. Rc1 Qd6 14. Qc2 Bd7 15.
Bg3 g5 16. h4 c6 17. Rfd1 Rfe8 18. dxc6 Qxc6 19. Nd5 Nxd5 20. exd5 Qxc2 21. Rxc2
Rac8 22. Rdc1 Rxc2 23. Rxc2 Rc8 24. Rxc8+ Bxc8 25. d6 Kf8 26. hxg5 hxg5 27. f3
Ke8 28. Bf2 Kd7 29. Bc5 Bf8 30. f4 Kc6 31. Ba3 Bxd6 32. Bf3+ Kc7 33. Bxd6+ Kxd6
34. fxg5 Kc5 35. Kf2 Kd4 36. Ke2 e4 37. Bh5 Be6 38. a3 Bc4+ 39. Ke1 Ke3 40. g6
f5 41. g7 f4 42. Be2 Be6 43. Bg4 Bg8 44. Be2 f3 45. gxf3 exf3 46. Bf1 Bb3 47.
Be2 f2+ 48. Kf1 Be6 {White resigns} 0-1

[Event "Team 45 45 League T57"]
[Site "Internet Chess Club"]
[Date "2013.06.03"]
[Round "2"]
[White "BYOB69"]
[Black "ghostfire"]
[Result "1/2-1/2"]
[WhiteElo "1788"]
[BlackElo "1663"]
[Opening "Queen's pawn, Mason variation"]
[ECO "D00"]
[Time "22:00:36"]
[TimeControl "2700+45"]

1. d4 d5 2. Bf4 Nf6 3. e3 Bg4 4. f3 Bh5 5. g4 Bg6 6. Bd3 Bxd3 7. Qxd3 Nc6 8. c3
e6 9. Nd2 Bd6 10. Bg3 Bxg3+ 11. hxg3 Qd6 12. Ne2 g6 13. O-O-O O-O-O 14. Rh4 h5
15. Rdh1 Ne7 16. gxh5 gxh5 17. e4 dxe4 18. Nxe4 Nxe4 19. fxe4 e5 20. Rxh5 Rxh5
21. Rxh5 exd4 22. cxd4 Nc6 23. d5 Nb4 24. Qc4 Qb6 25. Kd2 Qa5 26. Qc3 Qb6 27. a3
Na2 28. Qd4 c5 29. Qe5 Qa5+ 30. Ke3 Qe1 31. Qf5+ Kb8 32. Qf2 Qd1 33. Qxf7 Nc1
34. Nxc1 Qxc1+ 35. Kd3 Qd1+ 36. Kc3 Qd4+ 37. Kb3 Qd3+ 38. Ka2 Qc4+ 39. Kb1 Qxe4+
40. Ka2 Qc4+ 41. Kb1 {Game drawn by mutual agreement} 1/2-1/2

[Event "Team 45 45 League T57"]
[Site "Internet Chess Club"]
[Date "2013.06.08"]
[Round "2"]
[White "Electryon"]
[Black "Altairus"]
[Result "0-1"]
[WhiteElo "1481"]
[BlackElo "1732"]
[Opening "Bird's opening"]
[ECO "A02"]
[Time "20:07:24"]
[TimeControl "2700+45"]

1. f4 Nf6 2. Nf3 e6 3. e3 b6 4. Be2 Bb7 5. O-O Be7 6. d3 O-O 7. a4 c5 8. Na3 Nc6
9. c3 d6 10. Rb1 Rb8 11. b4 cxb4 12. cxb4 d5 13. Nc2 Qc7 14. Ba3 Rbc8 15. b5 Na5
16. Bxe7 Qxe7 17. Ncd4 Rc3 18. Qd2 Rc7 19. Rfc1 Rfc8 20. Ne5 Nd7 21. Rxc7 Rxc7
22. Nxd7 Qxd7 23. Rc1 Qc8 24. Rxc7 Qxc7 25. Bd1 Qc5 26. Qc2 Qxc2 27. Bxc2 Kf8
28. Kf2 Ke7 29. Nf3 f6 30. d4 h6 31. g4 Nc4 32. h4 Nd6 33. Nd2 Ne4+ 34. Nxe4
dxe4 35. Bb3 f5 36. h5 Kd6 37. g5 Bd5 38. Bd1 Ba2 39. Ke1 Kd5 40. Kd2 Kc4 41.
Be2+ Kb4 42. Kc1 Kxa4 43. Kb2 Bd5 44. Ka1 Kb4 45. Kb2 Bc4 46. Bd1 Bxb5 47. Bb3
Bd7 48. Ba2 b5 49. d5 exd5 50. Bxd5 a5 51. Bf7 a4 52. Ba2 Kc5 53. Kc3 b4+ 54.
Kc2 b3+ 55. Bxb3 axb3+ 56. Kxb3 Be8 57. g6 Bb5 58. Kc3 Be2 {White resigns} 0-1

[Event "Team 45 45 League T57"]
[Site "Internet Chess Club"]
[Date "2013.06.02"]
[Round "2"]
[White "sonoftill"]
[Black "Rodin7"]
[Result "1/2-1/2"]
[WhiteElo "2123"]
[BlackElo "2101"]
[Opening "King's Indian: London system"]
[ECO "A45"]
[Time "13:10:47"]
[TimeControl "2700+45"]

1. d4 Nf6 2. Bf4 g6 3. Nf3 Bg7 4. e3 O-O 5. Be2 d6 6. O-O Nbd7 7. h3 Ne4 8. Qd3
Ndf6 9. Ne1 Bf5 10. Qb3 Nd7 11. f3 Nef6 12. Nd3 Nh5 13. Bh2 Nb6 14. c4 e5 15. e4
Bd7 16. d5 Qg5 17. Kh1 Ng3+ 18. Bxg3 Qxg3 19. c5 dxc5 20. Nxc5 Bc8 21. Qe3 Nd7
22. Nxd7 Bxd7 23. Nc3 {Game drawn by mutual agreement} 1/2-1/2

[Event "Team 45 45 League T57"]
[Site "Internet Chess Club"]
[Date "2013.05.30"]
[Round "2"]
[White "cyborg86"]
[Black "Pason"]
[Result "1/2-1/2"]
[WhiteElo "1907"]
[BlackElo "1946"]
[Opening "French: Tarrasch, closed variation, main line"]
[ECO "C06"]
[Time "11:00:09"]
[TimeControl "2700+45"]

1. e4 e6 2. d4 d5 3. Nd2 Nf6 4. e5 Nfd7 5. c3 c5 6. Bd3 Nc6 7. Ne2 cxd4 8. cxd4
Qb6 9. Nf3 f6 10. exf6 Nxf6 11. O-O Be7 12. Nc3 O-O 13. Rb1 Bd6 14. Bg5 Qd8 15.
Re1 a6 16. a3 Qc7 17. Qc2 g6 18. Bh6 Re8 19. Bxg6 Re7 20. Bg5 Rg7 21. Bxf6 Rxg6
22. Be5 Bxe5 23. Nxe5 Nxe5 24. Rxe5 Qg7 25. g3 Bd7 26. Rbe1 Rf8 27. R1e3 Rg4 28.
Qd1 Rf6 29. h3 Rh4 30. Kh2 Rxf2+ 31. Kg1 Rhf4 32. h4 h6 33. b3 Rb2 34. Ne2 Rxh4
35. Qc1 Ra2 36. Qc7 Rg4 37. Qd6 Rxe2 38. Rxe2 Rxg3+ 39. Kf2 Rg2+ 40. Ke1 Qg3+
41. Kd2 Rxe2+ 42. Kxe2 Bb5+ 43. Kd1 Qd3+ 44. Ke1 Qg3+ 45. Kd1 Qxb3+ 46. Kd2
{Game drawn by mutual agreement} 1/2-1/2

[Event "Team 45 45 League T57"]
[Site "Internet Chess Club"]
[Date "2013.05.30"]
[Round "2"]
[White "Tobiasdelmonte"]
[Black "bgolev"]
[Result "1-0"]
[WhiteElo "1900"]
[BlackElo "1815"]
[Opening "Queen's pawn game"]
[ECO "A45"]
[Time "22:01:40"]
[TimeControl "2700+45"]

1. d4 Nf6 2. g3 d5 3. Bg2 e6 4. Nf3 c5 5. O-O cxd4 6. Nxd4 Nc6 7. c4 Be7 8. Nc3
O-O 9. cxd5 exd5 10. a3 Be6 11. Nxe6 fxe6 12. e3 Kh8 13. b4 a6 14. Bb2 Qe8 15.
Rc1 Qf7 16. Rc2 Rfd8 17. Ne2 e5 18. Qa1 Qe6 19. Rd1 Rd7 20. Rcd2 Rad8 21. Qa2
Rd6 22. Qb3 b5 23. Nc3 e4 24. Ne2 Nh5 25. Nd4 Nxd4 26. Bxd4 R6d7 27. Rc2 Bf6 28.
Qc3 Bxd4 29. Rxd4 Nf6 30. Qc6 Qxc6 31. Rxc6 Rd6 32. Rc5 Kg8 33. Rd1 Nd7 34.
Rcxd5 Rxd5 35. Rxd5 Kf8 36. Bxe4 Ke7 37. Bxh7 Rc8 38. Rxd7+ {Black resigns} 1-0

[Event "Team 45 45 League T57"]
[Site "Internet Chess Club"]
[Date "2013.06.01"]
[Round "2"]
[White "chess9793"]
[Black "carokantor"]
[Result "1-0"]
[WhiteElo "2074"]
[BlackElo "2004"]
[Opening "Caro-Kann: Tartakower (fantasy) variation"]
[ECO "B12"]
[Time "23:01:15"]
[TimeControl "2700+45"]

1. e4 c6 2. d4 d5 3. f3 e6 4. Nc3 Bb4 5. Ne2 dxe4 6. fxe4 Nf6 7. Qd3 Qa5 8. Bd2
Nbd7 9. a3 c5 10. O-O-O Bxc3 11. Bxc3 Qc7 12. d5 exd5 13. exd5 O-O 14. d6 Qc6
15. Qg3 b6 16. Nf4 Ne8 17. Bc4 Ndf6 18. Nd5 Kh8 19. Nxf6 Nxf6 20. Bxf6 gxf6 21.
Bd5 Qa4 22. Bxa8 Bf5 23. Qc3 Qf4+ 24. Rd2 Rxa8 25. Qxf6+ Kg8 26. d7 {Black
resigns} 1-0

[Event "Team 45 45 League T57"]
[Site "Internet Chess Club"]
[Date "2013.06.03"]
[Round "2"]
[White "Happybear"]
[Black "f5"]
[Result "1-0"]
[WhiteElo "2013"]
[BlackElo "2143"]
[Opening "Scotch: Blackburne attack"]
[ECO "C45"]
[Time "19:00:27"]
[TimeControl "2700+45"]

1. e4 e5 2. Nf3 Nc6 3. d4 exd4 4. Nxd4 Bc5 5. Be3 Qf6 6. c3 Nge7 7. Qd2 O-O 8.
Bb5 Bb6 9. O-O d6 10. f4 Nxd4 11. cxd4 d5 12. e5 Qg6 13. Rf3 Bf5 14. Rg3 Qe6 15.
b4 a5 16. a4 axb4 17. Qxb4 Ba5 18. Qb3 Be4 19. Bd3 Bxd3 20. Qxd3 Nf5 21. Rh3 g6
22. Bf2 h5 23. Na3 c6 24. Nc2 Ra6 25. Ne3 Nxe3 26. Bxe3 Rfa8 27. Rf1 Qf5 28.
Qxf5 gxf5 29. Rxh5 Bd8 30. Rxf5 Rxa4 31. Rh5 Ra1 32. f5 Rxf1+ 33. Kxf1 Ra4 34.
f6 Bb6 35. Bh6 Kh7 36. e6 Kg6 37. e7 Ra8 38. Rh4 Kxf6 39. Bf8 Ke6 40. Rf4 Bc7
41. Rf3 Kd7 42. h4 Ra1+ 43. Ke2 Ra2+ 44. Kd1 Rxg2 45. Re3 Be5 46. Rxe5 Ke8 47.
Re2 Rg1+ 48. Kc2 Rg4 49. Kc3 Rxh4 50. Ra2 Rh3+ 51. Kb4 Re3 52. Ra8+ Kd7 53. Rd8+
{Black resigns} 1-0

[Event "Team 45 45 League T57"]
[Site "Internet Chess Club"]
[Date "2013.06.02"]
[Round "2"]
[White "stile"]
[Black "M-Tuzel"]
[Result "1/2-1/2"]
[WhiteElo "1810"]
[BlackElo "1641"]
[Opening "Caro-Kann: Steinitz variation"]
[ECO "B17"]
[Time "14:00:39"]
[TimeControl "2700+45"]

1. e4 c6 2. d4 d5 3. Nc3 dxe4 4. Nxe4 Nd7 5. Bc4 Ngf6 6. Ng5 e6 7. Qe2 Nb6 8.
Bd3 Qxd4 9. N1f3 Bb4+ 10. c3 Bxc3+ 11. Kf1 Qb4 12. bxc3 Qxc3 13. Bb2 Qa5 14. g3
Nbd5 15. Kg2 h6 16. Ne4 O-O 17. Nxf6+ Nxf6 18. Bxf6 gxf6 19. Qe4 f5 20. Qf4 Kg7
21. Rhd1 b6 22. Kg1 Bb7 23. Qe5+ Qxe5 24. Nxe5 c5 25. a4 Rfd8 26. Be2 Bd5 27. a5
f6 28. Nf3 b5 29. a6 b4 30. Nd2 Rab8 31. Nc4 b3 32. Rab1 {Game drawn by mutual
agreement} 1/2-1/2

[Event "Team 45 45 League T57"]
[Site "Internet Chess Club"]
[Date "2013.06.02"]
[Round "2"]
[White "vigneshv"]
[Black "hood"]
[Result "1-0"]
[WhiteElo "1677"]
[BlackElo "1730"]
[Opening "Grünfeld: modern exchange variation"]
[ECO "D85"]
[Time "22:00:05"]
[TimeControl "2700+45"]

1. d4 Nf6 2. c4 g6 3. Nc3 d5 4. cxd5 Nxd5 5. e4 Nxc3 6. bxc3 Bg7 7. Nf3 c5 8.
Bb5+ Bd7 9. Bxd7+ Qxd7 10. O-O O-O 11. Bb2 Na6 12. d5 Rfd8 13. Qc2 Rac8 14. c4
Nb4 15. Qd2 e6 16. Bxg7 Kxg7 17. a3 Na6 18. Qb2+ Kg8 19. Ne5 Qe7 20. Rab1 exd5
21. exd5 Rb8 22. Rfe1 Qd6 23. Ng4 h5 24. Nh6+ Kh7 25. Nxf7 Qd7 26. Nxd8 Qxd8 27.
Qe5 Kg8 28. Qe6+ Kg7 29. Qe7+ Qxe7 30. Rxe7+ Kf6 31. Rexb7 Ra8 32. Re1 Nb8 33.
Re6+ Kf5 34. Ree7 g5 35. Rxa7 Rxa7 36. Rxa7 Ke5 37. Ra5 Kd4 38. Ra4 Nd7 39. Ra7
Ne5 40. d6 Kxc4 41. d7 Nxd7 42. Rxd7 Kb3 43. Rc7 c4 44. Rxc4 Kxc4 45. g3 Kb3 46.
f4 gxf4 47. gxf4 Kxa3 48. f5 Kb4 49. f6 Kc5 50. f7 Kd6 51. f8=Q+ {Black resigns}
1-0

[Event "Team 45 45 League T57"]
[Site "Internet Chess Club"]
[Date "2013.06.03"]
[Round "2"]
[White "xwang1"]
[Black "Warren"]
[Result "0-1"]
[WhiteElo "2070"]
[BlackElo "2299"]
[Opening "Sicilian: Pelikan, Chelyabinsk variation"]
[ECO "B33"]
[Time "22:39:26"]
[TimeControl "2700+45"]

1. e4 c5 2. Nf3 Nc6 3. d4 cxd4 4. Nxd4 Nf6 5. Nc3 e5 6. Ndb5 d6 7. Bg5 a6 8. Na3
b5 9. Nd5 Be7 10. Bxf6 Bxf6 11. c3 Rb8 12. Nc2 Bg5 13. a4 bxa4 14. Ncb4 Bd7 15.
Bxa6 Nxb4 16. cxb4 O-O 17. O-O Bc6 18. Bc4 Bxd5 19. Bxd5 Rxb4 20. Rxa4 Rxb2 21.
Ra7 Qb8 22. Ra8 Qc7 23. Rxf8+ Kxf8 24. Qh5 h6 25. Ra1 Qa7 26. Rf1 Qxf2+ 27. Rxf2
Rb1+ {White resigns} 0-1

[Event "Team 45 45 League T57"]
[Site "Internet Chess Club"]
[Date "2013.06.03"]
[Round "2"]
[White "steadman"]
[Black "avila"]
[Result "1/2-1/2"]
[WhiteElo "2147"]
[BlackElo "1982"]
[Opening "King's Indian: orthodox, 7...Nbd7"]
[ECO "E94"]
[Time "19:04:28"]
[TimeControl "2700+45"]

1. d4 Nf6 2. c4 g6 3. Nc3 Bg7 4. e4 d6 5. Nf3 O-O 6. Be2 e5 7. O-O Nbd7 8. Qc2
a5 9. Rd1 Qe7 10. Bg5 h6 11. Nd5 Qd8 12. Bxf6 Bxf6 13. dxe5 Bxe5 14. Nxe5 dxe5
15. c5 Rb8 16. Rac1 c6 17. Nb6 Qc7 18. Nxd7 Bxd7 19. Qd2 Be6 20. Qxh6 Bxa2 21.
Rc3 Be6 22. Bc4 Rfd8 23. Re1 Qd7 24. Rh3 Bxh3 25. Qxg6+ Kf8 26. Qh6+ Ke7 27.
Qh4+ Ke8 28. Qh8+ Ke7 29. Qh4+ Ke8 30. Qh8+ Ke7 {Game drawn by mutual agreement}
1/2-1/2

[Event "Team 45 45 League T57"]
[Site "Internet Chess Club"]
[Date "2013.06.02"]
[Round "2"]
[White "nurmi"]
[Black "CaoCao"]
[Result "0-1"]
[WhiteElo "1925"]
[BlackElo "1920"]
[Opening "Ruy Lopez: Schliemann defense"]
[ECO "C63"]
[Time "21:29:54"]
[TimeControl "2700+45"]

1. e4 e5 2. Nf3 Nc6 3. Bb5 f5 4. d3 fxe4 5. dxe4 Nf6 6. O-O d6 7. Nc3 Be7 8. Bg5
O-O 9. Qd2 Kh8 10. Bc4 Bg4 11. Ne1 Nd4 12. f3 Be6 13. Bxe6 Nxe6 14. Be3 Nh5 15.
Nd3 Bg5 16. Bxg5 Nxg5 17. Rad1 Ne6 18. Nd5 c6 19. Ne3 Qb6 20. Kh1 Rad8 21. c3 g6
22. b4 Qc7 23. Ng4 Nhf4 24. Nxf4 Nxf4 25. g3 Ne6 26. Qe3 h5 27. Nf2 Kg7 28. Nd3
a5 29. a3 axb4 30. axb4 Ra8 31. f4 Ra3 32. Qc1 Ra2 33. f5 gxf5 34. exf5 c5 35.
Rd2 Rxd2 36. Qxd2 cxb4 37. Nxb4 Qc4 38. Rf2 Qe4+ 39. Kg1 Rxf5 40. Rxf5 Qxf5 41.
Qxd6 Ng5 42. Qc7+ Nf7 43. Nd5 Qb1+ 44. Kf2 Qc2+ 45. Kf3 Qd1+ 46. Ke4 Qh1+ 47.
Kf5 Qxd5 {White resigns} 0-1

[Event "Team 45 45 League T57"]
[Site "Internet Chess Club"]
[Date "2013.06.02"]
[Round "2"]
[White "ARuperez"]
[Black "Matusalen"]
[Result "1-0"]
[WhiteElo "2211"]
[BlackElo "2156"]
[Opening "Scandinavian: Pytel-Wade variation"]
[ECO "B01"]
[Time "08:06:51"]
[TimeControl "2700+45"]

1. e4 d5 2. exd5 Qxd5 3. Nc3 Qd6 4. d4 Nf6 5. Nf3 c6 6. Be3 Bf5 7. Bd3 Bxd3 8.
Qxd3 Nbd7 9. O-O e6 10. Ne2 Qc7 11. h3 Bd6 12. c4 Rd8 13. Qc2 O-O 14. c5 Be7 15.
Bf4 Qc8 16. Nc3 Rfe8 17. Qa4 a6 18. Qb3 Nf8 19. Bh2 Ng6 20. Rfe1 h6 21. Rad1 Rd7
22. Ne5 Nxe5 23. Bxe5 Bd8 24. Qc2 Nd5 25. Qd3 Ne7 26. Ne4 Bc7 27. Qf3 Bxe5 28.
dxe5 Rf8 29. Nd6 Qc7 30. Qb3 Rb8 31. Qa3 Ra8 32. Re3 Ng6 33. Rd2 b5 34. cxb6
Qxb6 35. Nc4 Qc7 36. Rxd7 Qxd7 37. Rd3 Qa7 38. Qd6 Nf4 39. Rb3 Ne2+ 40. Kf1 Qd4
41. Qxd4 Nxd4 42. Rb7 a5 43. Rd7 Nf5 44. Nd6 Nxd6 45. exd6 a4 46. Ke1 Kf8 47.
Kd2 Ke8 48. Re7+ Kf8 49. Rc7 Ke8 50. Rxc6 Kd7 51. Rc7+ Kxd6 52. Rxf7 Rb8 53. Kc2
Rc8+ 54. Kd2 Rb8 55. Kc3 Rc8+ 56. Kb4 Rc2 57. b3 axb3 58. Kxb3 Re2 59. a4 Kc6
60. Rxg7 Rxf2 61. Rg6 Kd6 62. a5 Rf5 63. Kb4 Rf4+ 64. Kb5 Rf5+ 65. Kb6 h5 66. a6
Rf1 67. Rg5 e5 68. Rg6+ Ke7 69. a7 {Black resigns} 1-0

[Event "Team 45 45 League T57"]
[Site "Internet Chess Club"]
[Date "2013.05.28"]
[Round "2"]
[White "PhoebeXYZ"]
[Black "lluisdp"]
[Result "1/2-1/2"]
[WhiteElo "2088"]
[BlackElo "1982"]
[Opening "King's Indian: 3.g3"]
[ECO "E62"]
[Time "18:01:15"]
[TimeControl "2700+45"]

1. d4 Nf6 2. c4 g6 3. g3 Bg7 4. Bg2 d6 5. Nc3 O-O 6. Nf3 c6 7. O-O Qc7 8. e4
Nbd7 9. h3 e5 10. Be3 Re8 11. d5 c5 12. Ne1 a6 13. a4 Rb8 14. Nd3 b6 15. Qd2 Nf8
16. Bh6 Nh5 17. g4 Bxh6 18. Qxh6 Ng7 19. f4 f6 20. fxe5 fxe5 21. Rf2 Nd7 22.
Raf1 Rf8 23. Qh4 Rxf2 24. Qxf2 Qd8 25. Qf7+ Kh8 26. b4 Qe8 27. Qf2 Qe7 28. a5
Kg8 29. axb6 cxb4 30. Nxb4 Rxb6 31. Nc6 Qe8 32. Qh4 Bb7 33. Ne7+ Kh8 34. Nxg6+
Qxg6 35. Qd8+ Qe8 36. Qxd7 Kg8 37. Qc7 Rb3 38. Rf3 Qg6 39. Qd8+ Qe8 40. Qxd6 h5
41. c5 hxg4 42. hxg4 Bc8 43. Bh3 a5 44. c6 a4 45. c7 a3 46. Kg2 a2 47. Nxa2 Rb2+
48. Rf2 Rxf2+ 49. Kxf2 Qf7+ 50. Kg2 Qf4 51. Qd8+ Kh7 52. Qh4+ Kg8 53. Qe1 Ne8
54. Nb4 Nf6 55. Nd3 Qg5 56. Qc1 Qg6 57. Qe3 Bxg4 58. Bxg4 Qxg4+ 59. Qg3 Qxg3+
60. Kxg3 Nxe4+ 61. Kg2 Nd6 62. Nxe5 Kf8 63. Nc4 Nc8 64. d6 Ke8 65. Kf3 Kd7 66.
Ke4 Na7 67. Kd5 Nc8 68. Nb6+ Nxb6+ {Game drawn by mutual agreement} 1/2-1/2

[Event "Team 45 45 League T57"]
[Site "Internet Chess Club"]
[Date "2013.06.02"]
[Round "2"]
[White "PopolVuh"]
[Black "MisterDoob"]
[Result "0-1"]
[WhiteElo "1944"]
[BlackElo "2112"]
[Opening "English: Neo-Catalan declined"]
[ECO "A14"]
[Time "16:00:09"]
[TimeControl "2700+45"]

1. c4 Nf6 2. g3 e6 3. Bg2 d5 4. Nf3 Be7 5. O-O O-O 6. b3 c5 7. Bb2 Nc6 8. e3 b6
9. Qe2 Bb7 10. Rd1 Qc7 11. Nc3 Rad8 12. Rac1 dxc4 13. bxc4 a6 14. d4 Na5 15. Ne5
Bxg2 16. Kxg2 Bd6 17. f4 Nd7 18. Ne4 Nxe5 19. dxe5 Be7 20. Nf6+ Kh8 21. Qh5 gxf6
22. exf6 Qc6+ 23. Kh3 Bd6 24. Qh6 Rg8 25. f5 Qf3 26. Be5 Qxf5+ {White resigns}
0-1